 Dungeon Crawl Stone Soup version 0.29-a0-362-g5854e031c7 (webtiles) character file.

Game seed: 699649004000250553

98403 dolemite99 the Anamnesiscian (level 16, -9/122 HPs)
             Began as a Formicid Artificer on Apr 29, 2022.
             Was an Elder of Hepliaklqana.
             Mangled by a spark wasp (18 damage)
             ... on level 2 of the Lair of Beasts on Apr 30, 2022.
             The game lasted 00:47:42 (30374 turns).

dolemite99 the Anamnesiscian (Formicid Artificer)  Turns: 30374, Time: 00:47:42

Health: -9/122     AC: 33    Str: 22    XL:     16   Next: 73%
Magic:  0/27       EV: 11    Int: 12    God:    Hepliaklqana [****..]
Gold:   2571       SH: 14    Dex: 21    Spells: 15/15 levels left

rFire   . . .      SeeInvis +   G - +4 scimitar (flame)
rCold   . . .      Faith    .   i - +0 kite shield {reflect}
rNeg    . . .      Spirit   +   D - +9 plate armour of Peek-a-Boo {+Blink Str+4 Dex+4}
rPois   +          Reflect  +   (helmet unavailable)
rElec   .          Harm     .   o - +1 cloak
rCorr   .          Rampage  .   r - +1 pair of gloves
Will    +....                   U - +0 pair of boots
Stlth   ..........              T - amulet of guardian spirit
HPRegen 0.30/turn               h - +4 ring of evasion
MPRegen 0.20/turn               O - ring of poison resistance

@: no status effects
A: reduced essence, permanent stasis, dig shafts and tunnels, antennae 3, four
strong arms
a: Dig, Shaft Self, Renounce Religion, Recall Ancestor, Ancestor Identity,
Transference, Idealise


You were on level 2 of the Lair of Beasts.
You worshipped Hepliaklqana.
Hepliaklqana was greatly pleased with you.
You visited 5 branches of the dungeon, and saw 25 of its levels.

You collected 2975 gold pieces.
You spent 404 gold pieces at shops.

Inventory:

Hand Weapons
 a - the +9 short sword of Tender Mercy {venom, rPois}
   (You found it on level 2 of the Dungeon)

   It poisons the flesh of those it strikes.
   rPois:     It protects you from poison.
 b - the +6 arbalest "Damnation" {damnation}
   (You found it on level 15 of the Dungeon)

   Any ammunition fired from it explodes in a burst of damnation on striking a
   foe, dealing damage which bypasses armour.
 G - a +4 scimitar of flaming (weapon)
 J - a +1 great sword
Missiles
 g - a throwing net
 j - 2 javelins
 k - 554 stones
 z - 9 silver boomerangs
 B - 5 boomerangs
 N - 11 poisoned darts
 S - 3 curare-tipped darts
Armour
 i - a +0 kite shield of reflection (worn)
 o - a +1 cloak (worn)
 p - a +4 chain mail of fire resistance
 r - a +1 pair of gloves (worn)
 D - the +9 plate armour of Peek-a-Boo (worn) {+Blink Str+4 Dex+4}
   (You found it on level 6 of the Dungeon)

   Str:       It affects your strength (+4).
   Dex:       It affects your dexterity (+4).
   +Blink:    It lets you blink.
 U - a +0 pair of boots (worn)
Jewellery
 h - a +4 ring of evasion (left hand)
 q - a ring of resist corrosion
 t - a +6 ring of strength
 C - a ring of ice
 H - a ring of ice
 M - a ring of fire
 O - a ring of poison resistance (right hand)
 Q - a ring of wizardry
 T - an amulet of guardian spirit (around neck)
 V - a +6 ring of strength
Wands
 w - a wand of digging (4)
 y - a wand of polymorph (4)
 K - a wand of flame (21)
 R - a wand of iceblast (5)
Scrolls
 l - 5 scrolls of vulnerability
 s - 5 scrolls of identify {@r1}
 x - 7 scrolls of fog
 E - 14 scrolls of teleportation
 I - 2 scrolls of silence
 P - 4 scrolls of enchant armour
 W - a scroll of enchant weapon
Potions
 c - 3 potions of cancellation
 e - 2 potions of lignification
 f - 2 potions of flight
 m - 3 potions of mutation
 u - 2 potions of ambrosia
 v - 10 potions of curing
 A - 8 potions of attraction
 F - a potion of magic
 L - 4 potions of haste
 X - a potion of brilliance


   Skills:
 - Level 15.2 Fighting
 - Level 7.6(8.1) Short Blades
 * Level 3.9(6.3) Long Blades
 - Level 4.7 Crossbows
 - Level 1.1 Throwing
 - Level 15.3 Armour
 - Level 0.8 Dodging
 - Level 1.2 Stealth
 - Level 14.7 Shields
 - Level 15.9 Invocations
 - Level 5.0 Evocations


You had 15 spell levels left.
You didn't know any spells.
Your spell library contained the following spells:

 Spells                   Type           Power      Damage    Failure   Level
 Magic Dart               Conj           0%         1d3       99%         1
 Pain                     Necr           0%         1d4       99%         1
 Sandblast                Erth           0%         2d4       99%         1
 Ensorcelled Hibernation  Hex/Ice        0%         N/A       100%        2
 Passwall                 Tmut/Erth      0%         N/A       100%        2
 Searing Ray              Conj           0%         2d4       100%        2
 Static Discharge         Conj/Air       0%         N/A       100%        2
 Confusing Touch          Hex            0%         N/A       100%        3
 Stone Arrow              Conj/Erth      0%         3d7       100%        3
 Cause Fear               Hex            0%         N/A       100%        4
 Dispel Undead            Necr           0%         3d6       100%        4
 Fulminant Prism          Conj/Hex       0%         3d6       100%        4
 Sticky Flame             Conj/Fire      0%         2d3       100%        4
 Agony                    Necr           0%         N/A       100%        5
 Excruciating Wounds      Necr           0%         N/A       100%        5
 Yara's Violent Unravell  Hex/Tmut       0%         3d3       100%        5
 Conjure Ball Lightning   Conj/Air       0%         3x3d6     100%        6
 Dragon Form              Tmut           0%         N/A       100%        7
 Enfeeble                 Hex            0%         N/A       100%        7
 Discord                  Hex            0%         N/A       100%        8
 Disjunction              Tloc           0%         N/A       100%        8
 Dragon's Call            Summ           0%         N/A       100%        9
 Swiftness                Air            Unusable   N/A       N/A         3

Dungeon Overview and Level Annotations

Branches:
Dungeon (15/15)            Temple (1/1) D:7            Lair (6/6) D:8
 Shoals (0/4) Lair:4       Spider (1/4) Lair:2          Orc (2/2) D:11
    Elf (0/3) Orc:2        Vaults (0/5) D:13         Depths (0/4) D:15
  Slime: Lair:5-6

Altars:
Ashenzari
Cheibriados
Dithmenos
Elyvilon
Fedhas
Gozag
Hepliaklqana
Kikubaaqudgha
Makhleb
Nemelex Xobeh
Okawaru
Qazlal
Ru
Sif Muna
Trog
Uskayaw
Vehumet
Wu Jian
Xom
Yredelemnul
Zin
The Shining One

Shops:
D:2 (   D:3 ?[*   D:5 (   D:13 *(   Orc:1 *   Orc:2 !=[(

Annotations:
D:9 exclusion: oklob plant
D:13 3 runed translucent doors, exclusion: obsidian statue, Wekar's ghost, journeyman MiFi
Lair:1 2 transporters
Lair:5 1 runed translucent door
Lair:6 exclusion: oklob plant


Innate Abilities, Weirdness & Mutations

Your life essence is reduced to manifest your ancestor. (-10% HP)
You cannot be hasted, slowed, berserked, paralysed or teleported.
You can dig through walls and to a lower floor.
You have a pair of large antennae on your head. (SInv)
Your four strong arms can wield two-handed weapons with a shield.


Message History

The spark wasp is almost dead.
The spark wasp bursts into living lightning!
The living lightning hits you!
* * * LOW HITPOINT WARNING * * *
The spark wasp blinks!
The demonic crawler closely misses you. The demonic crawler barely misses you.
You block the demonic crawler's attack.
The spark wasp bursts into living lightning!
The living lightning misses you.
The spark wasp blinks!
You block the demonic crawler's attack. The demonic crawler closely misses you.
You block the demonic crawler's attack.
You feel much better.
The spark wasp bursts into living lightning!
The living lightning hits you!
* * * LOW HITPOINT WARNING * * *
The spark wasp blinks!
The demonic crawler hits you but does no damage. x2
You block the demonic crawler's attack.
You feel much better.
The spark wasp bursts into living lightning!
The living lightning misses you.
The spark wasp blinks!
The demonic crawler hits you. You block the demonic crawler's attack.
The demonic crawler hits you but does no damage.
The spark wasp misses you.
Aiming: Charm
Press: ? - help, Shift-Dir - straight line, f - spark wasp
Aim: a spark wasp (almost dead, chance to affect: 44%)
The spark wasp resists with some effort.
The now-empty wand crumbles to dust.
The demonic crawler shrieks in warning!
The spark wasp stings you!!
* * * LOW HITPOINT WARNING * * *
The spark wasp shocks you!
* * * LOW HITPOINT WARNING * * *
You block the demonic crawler's attack.
The demonic crawler hits you but does no damage.
You block the demonic crawler's attack.
You closely miss the spark wasp.
The spark wasp is almost dead.
The spark wasp stings you!!
You die...

#........................##.##...
.#...............................
#..#.##.##.##...##########.......
##..#########..######### #....##P
#.###.###.##..###.#R#.###.....##
##..##....##..###^#R#R#.##.....#.
#...........>.##.#######.#....###
#.........#.P.≈ys.#.#.#.......# #
##.........#^.≈.@..#R#R.......###
#..#.....#...≈...###.#.......##.
#.#####.P#...##.## ####.#....###
#..####.####.###.###R#.##.....##
#.###...#.#...###^#.#.###....#..
#.............##.#####^##.......
#..............#########........
##.............................[.
#................................


You could see a spark wasp and a demonic crawler (catching breath).

Vanquished Creatures
  Rupert (D:14)
  Donald (Orc:1)
  A dire elephant (Lair:4)
  8 hydras
  Erolcha (D:13)
  2 boulder beetles
  Fannar (Orc:1)
  A vault guard (D:13)
  2 catoblepae
  2 two-headed ogres
  A centaur warrior (D:13)
  A merfolk avatar (Lair:6)
  2 tengu warriors (D:15)
  3 death yaks (Lair:6)
  A deep troll (Orc:2)
  3 deep elf pyromancers
  2 orc knights (Orc:1)
  2 ugly things
  A manticore (Lair:6)
  2 cyclopes (D:15)
  14 elephants
  4 molten gargoyles (D:12)
  6 cane toads
  2 centaur zombies (D:10)
  2 black mambas
  Maggie (D:6)
  A torpor snail (Lair:6)
  A kobold demonologist (D:10)
  2 rime drakes
  6 komodo dragons
  2 polar bears
  6 trolls
  A wind drake (Lair:6)
  3 hornets (Lair:6)
  A snapping turtle (Lair:6)
  Grinder (D:6)
  2 dream sheep (Lair:6)
  A slime creature (D:13)
  3 blink frogs (Lair:6)
  Sigmund (D:4)
  5 culicivoras (Lair:2)
  2 shadows
  3 wyverns
  2 vampires
  Eustachio (D:6)
  2 wraiths
  21 yaks
  A steam dragon (D:8)
  2 fire elementals (D:15)
  A redback (Lair:2)
  4 vampire mosquitoes
  A basilisk (Lair:4)
  2 wargs (Orc:1)
  Menkaure (D:6)
  An acid dragon (D:8)
  5 water moccasins
  2 hell hounds (D:15)
  4 orc warriors
  An ice beast (D:5)
  2 sky beasts (D:7)
  2 black bears
  31 wolves
  7 ogres
  10 centaurs
  2 kobold brigands (D:7)
  5 bullfrogs
  4 necrophages
  2 gnoll sergeants (D:8)
  2 scorpions
  5 wights (D:9)
  9 killer bees
  A howler monkey (D:9)
  2 electric eels (Lair:4)
  4 hounds
  6 orc priests
  A jelly (D:6)
  2 iguanas
  9 orc wizards
  3 hell rats (Lair:6)
  4 gnolls (D:8)
  14 adders
  A white imp (D:5)
  4 worms
  22 orcs
  3 ball pythons
  2 endoplasms (D:1)
  3 giant cockroaches
  4 goblins
  5 hobgoblins
  6 quokkas
  2 bats (D:2)
  2 frilled lizards (D:1)
  14 kobolds
  6 rats
360 creatures vanquished.

Vanquished Creatures (collateral kills)
  Gastronok (Lair:2)
  A stone giant (D:15)
  Azrael (D:15)
  Josephine (D:13)
  2 boulder beetles
  2 ogre magi (Orc:2)
  3 centaur warriors
  8 two-headed ogres (Orc:2)
  2 death yaks (Lair:6)
  An orc high priest (Orc:2)
  2 tengu warriors (D:15)
  Sonja (Lair:1)
  A sea snake (Lair:6)
  A sea snake (shapeshifter) (D:13)
  3 harpies (Lair:6)
  2 deep elf pyromancers
  7 elephants
  An ugly thing (D:13)
  An orc sorcerer (Orc:1)
  A manticore (D:13)
  3 cyclopes
  5 centaur zombies (D:10)
  A salamander (shapeshifter) (D:14)
  3 black mambas (Lair:6)
  8 cane toads
  3 unseen horrors (D:12)
  A kobold demonologist (D:10)
  4 rime drakes
  5 komodo dragons
  2 tengu conjurers (D:13)
  6 trolls
  3 slime creatures (D:13)
  6 polar bears
  4 blink frogs (Lair:6)
  A water elemental (D:12)
  2 shadows
  5 wraiths
  A spriggan (Lair:4)
  A fire elemental (D:15)
  16 yaks
  A basilisk (Lair:1)
  4 vampire mosquitoes
  2 wargs
  A hell hound (D:15)
  7 water moccasins
  4 orc warriors
  A black bear (Lair:5)
  17 ogres
  3 centaurs
  13 wolves
  A kobold brigand (D:9)
  5 bullfrogs
  2 wights (D:9)
  3 electric eels (D:12)
  A lava snake (D:12)
  2 jellies (D:8)
  A human zombie (D:10)
  5 orc priests
  5 orc wizards
  A hell rat (Lair:6)
  A mummy (D:10)
  4 gnolls (D:8)
  18 orcs
  2 kobolds (D:9)
  3 bushes (Lair:3)
  3 butterflies (Lair:5)
232 creatures vanquished.

Vanquished Creatures (others)
  A two-headed ogre (D:10)
  A deep troll (Orc:2)
  An orc warrior (Orc:2)
  5 ancestors
  23 battlemagi
  A bush (Lair:6)
  110 fungi
  139 plants
281 creatures vanquished.

Grand Total: 873 creatures vanquished

Notes
Turn   | Place    | Note
-------+----------+-------------------------------------------
     0 | D:1      | dolemite99 the Formicid Artificer began the quest for the
                  | Orb.
     0 | D:1      | Reached XP level 1. HP: 15/15 MP: 1/1
   245 | D:1      | Reached XP level 2. HP: 14/21 MP: 2/2
   509 | D:1      | Found a faded altar of an unknown god.
   621 | D:1      | Prayed at the altar of an unknown god.
   621 | D:1      | Became a worshipper of the Shining One
   621 | D:1      | Reached * piety under the Shining One
  1171 | D:2      | Found a radiant altar of Vehumet.
  1472 | D:2      | Reached XP level 3. HP: 21/26 MP: 3/3
  1754 | D:2      | Found Xoxip's Weapon Boutique.
  2508 | D:2      | Reached skill level 5 in Evocations
  2587 | D:2      | Identified the +9 short sword of Tender Mercy {venom,
                  | rPois}
  2780 | D:3      | Found Liughuops's Armour Boutique.
  2786 | D:3      | Reached XP level 4. HP: 29/32 MP: 4/4
  2800 | D:3      | Reached skill level 1 in Short Blades
  3062 | D:3      | Found Teamijui's Assorted Antiques.
  3157 | D:3      | Found Soitusac's Magic Scroll Emporium.
  3165 | D:3      | Bought a scroll of fog for 28 gold pieces
  3165 | D:3      | Bought a scroll of identify for 28 gold pieces
  3165 | D:3      | Bought a scroll of identify for 28 gold pieces
  3589 | D:3      | Reached XP level 5. HP: 3/37 MP: 5/5
  4002 | D:4      | Noticed an ogre
  4010 | D:4      | Killed an ogre
  4011 | D:4      | Reached XP level 6. HP: 10/43 MP: 6/6
  4438 | D:4      | Noticed a black bear
  4444 | D:4      | Killed a black bear
  4445 | D:4      | Reached skill level 5 in Short Blades
  4563 | D:4      | Reached XP level 7. HP: 33/48 MP: 7/7
  4662 | D:4      | Noticed Sigmund
  4662 | D:4      | Found the +8 demon trident "Rift" {distort, reach+}
  4683 | D:4      | Your ally Sigmund died
  4867 | D:4      | Reached ** piety under the Shining One
  5493 | D:5      | Entered Level 5 of the Dungeon
  5524 | D:5      | Reached XP level 8. HP: 40/54 MP: 8/8
  5744 | D:5      | Found a stormy altar of Qazlal.
  5768 | D:5      | Found a hide-covered altar of Uskayaw.
  5942 | D:5      | Found Jalock's Antique Weapon Shop.
  6217 | D:5      | Identified a scroll of acquirement
  6217 | D:5      | Acquired 855 gold pieces
  6341 | D:3      | Bought a scroll labelled FOSONNA IPPUI for 32 gold pieces
  6345 | D:3      | Bought a potion of heal wounds for 160 gold pieces
  6345 | D:3      | Bought a scroll of identify for 64 gold pieces
  6345 | D:3      | Bought a scroll of identify for 64 gold pieces
  6532 | D:6      | Noticed Menkaure
  6537 | D:6      | Killed Menkaure
  6806 | D:6      | Noticed Maggie
  6817 | D:6      | Killed Maggie
  6818 | D:6      | Reached skill level 5 in Fighting
  6818 | D:6      | Reached skill level 5 in Armour
  6818 | D:6      | Reached XP level 9. HP: 32/68 MP: 9/9
  7104 | D:6      | Found a shadowy altar of Dithmenos.
  7191 | D:6      | Noticed Eustachio
  7206 | D:6      | Killed Eustachio
  7271 | D:6      | Identified the +9 plate armour of Peek-a-Boo {+Blink Str+4
                  | Dex+4}
  7726 | D:6      | Noticed Grinder
  7733 | D:6      | Killed Grinder
  8125 | D:7      | Found a shimmering blue altar of Sif Muna.
  8595 | D:7      | Found a staircase to the Ecumenical Temple.
  8685 | Temple   | Entered the Ecumenical Temple
  8898 | Temple   | Fell from the grace of the Shining One
  8898 | Temple   | Became a worshipper of Hepliaklqana the Forgotten
  8969 | D:7      | Reached XP level 10. HP: 80/80 MP: 10/10
  9625 | D:7      | Reached * piety under Hepliaklqana
  9715 | D:7      | Found a glowing silver altar of Zin.
  9757 | D:7      | Found a white marble altar of Elyvilon.
 10751 | D:8      | Noticed a komodo dragon
 10825 | D:8      | Killed a komodo dragon
 10988 | D:8      | Found a staircase to the Lair.
 11257 | D:8      | Reached skill level 10 in Armour
 11585 | D:9      | Noticed a two-headed ogre
 11590 | D:9      | Killed a two-headed ogre
 11591 | D:9      | Reached skill level 10 in Fighting
 11660 | D:9      | Reached XP level 11. HP: 81/81 MP: 11/11
 11819 | D:9      | Found an ornate altar of the Wu Jian Council.
 12137 | D:9      | Found a blossoming altar of Fedhas.
 12158 | D:9      | Noticed an oklob plant
 12309 | D:9      | Noticed a deep elf pyromancer
 12310 | D:9      | Noticed a cyan ugly thing
 12329 | D:9      | You fall into a shaft and drop 1 floor!
 12329 | D:10     | Entered Level 10 of the Dungeon
 12739 | D:9      | Killed a cyan ugly thing
 12751 | D:9      | Killed a deep elf pyromancer
 13278 | D:10     | Reached skill level 1 in Shields
 13423 | D:10     | Reached ** piety under Hepliaklqana
 13424 | D:10     | Remembered your ancestor Pudding as a battlemage
 13619 | D:10     | Noticed a two-headed ogre
 13661 | D:10     | Reached skill level 5 in Shields
 13928 | D:10     | Found a shimmering altar of Xom.
 14039 | D:10     | Reached XP level 12. HP: 84/90 MP: 12/12
 14080 | D:10     | Found an ancient bone altar of Kikubaaqudgha.
 14623 | D:11     | Reached skill level 10 in Shields
 14813 | D:11     | Reached *** piety under Hepliaklqana
 14879 | D:11     | Found a staircase to the Orcish Mines.
 15029 | D:11     | Noticed a two-headed ogre
 15035 | D:11     | Killed a two-headed ogre
 15243 | Lair:1   | Entered Level 1 of the Lair of Beasts
 15319 | Lair:1   | Found a transporter.
 15488 | Lair:1   | Found a transporter.
 15748 | Lair:1   | You fall into a shaft and drop 1 floor!
 15848 | Lair:2   | Reached **** piety under Hepliaklqana
 15957 | Lair:2   | Noticed an eight-headed hydra
 15971 | Lair:2   | Killed an eight-headed hydra
 16272 | Lair:2   | Noticed Gastronok
 16285 | Lair:2   | Killed Gastronok
 16286 | Lair:2   | Reached XP level 13. HP: 93/97 MP: 13/13
 16872 | Lair:2   | Found a hole to the Spider Nest.
 17346 | Lair:3   | Noticed a catoblepas
 17358 | Lair:3   | Killed a catoblepas
 17559 | Lair:3   | Noticed a six-headed hydra
 17565 | Lair:3   | Killed a six-headed hydra
 17709 | Lair:3   | Noticed a seven-headed hydra
 17716 | Lair:3   | Killed a seven-headed hydra
 18803 | Lair:4   | Noticed a dire elephant
 18819 | Lair:4   | Killed a dire elephant
 18905 | Lair:4   | Noticed an eight-headed hydra
 18911 | Lair:4   | Killed an eight-headed hydra
 19200 | Lair:4   | Reached skill level 5 in Invocations
 19344 | Lair:4   | Reached ***** piety under Hepliaklqana
 19423 | Lair:4   | Found a staircase to the Shoals.
 19445 | Lair:4   | Reached XP level 14. HP: 106/106 MP: 14/19
 20737 | Lair:5   | Reached skill level 10 in Invocations
 20917 | Lair:5   | Found an iron altar of Okawaru.
 21073 | Lair:5   | Found a runed translucent door.
 21201 | Lair:6   | Entered Level 6 of the Lair of Beasts
 22501 | Lair:6   | Identified the +8 trident of Magnificence {vorpal, Drain
                  | rC+ rCorr Stlth+}
 22613 | Lair:6   | Reached XP level 15. HP: 98/111 MP: 25/25
 22953 | Lair:6   | Reached skill level 15 in Invocations
 23523 | Lair:6   | Identified the +1 dagger of Subjectivity {antimagic, Str+4
                  | Int+6}
 25062 | Orc:1    | Entered Level 1 of the Orcish Mines
 25062 | Orc:1    | Noticed Fannar
 25075 | Orc:1    | Killed Fannar
 25137 | Orc:1    | Found Taol's Assorted Antiques.
 25340 | Orc:1    | Found a shimmering blue altar of Sif Muna.
 25530 | Orc:2    | Entered Level 2 of the Orcish Mines
 25530 | Orc:2    | Noticed Donald
 25560 | Orc:1    | Killed Donald
 26498 | Orc:2    | Found a staircase to the Elven Halls.
 26869 | Orc:2    | Found Nofiagaj's Weapon Emporium.
 26870 | Orc:2    | Found Pushromp's Antique Armour Emporium.
 26876 | Orc:2    | Found Ceasym's Jewellery Shop.
 26896 | Orc:2    | Reached XP level 16. HP: 93/120 MP: 15/27
 27003 | Orc:2    | Found Camudaso's Distillery.
 27129 | D:13     | Noticed Erolcha
 27141 | D:13     | Killed Erolcha
 27198 | D:13     | Noticed Josephine
 27214 | D:13     | Killed Josephine
 27222 | D:13     | Reached skill level 15 in Armour
 27570 | D:13     | Found a gate to the Vaults.
 27632 | D:13     | Found Woaffasch's Weapon Shoppe.
 27661 | D:13     | Upgraded the game from 0.29-a0-360-g8ed1089bbe to
                  | 0.29-a0-362-g5854e031c7
 27670 | D:13     | Reached skill level 15 in Fighting
 28151 | D:13     | Found a runed translucent gate.
 28151 | D:13     | Found a runed translucent gate.
 28151 | D:13     | Found an opulent altar of Gozag.
 28152 | D:13     | Found a runed translucent gate.
 28153 | D:13     | Noticed Wekar's ghost (journeyman MiFi)
 28172 | D:13     | Found Epreps's Assorted Antiques.
 28391 | D:14     | Noticed Rupert
 28397 | D:14     | Killed Rupert
 28643 | D:14     | You fall into a shaft and drop 1 floor!
 28643 | D:15     | Entered Level 15 of the Dungeon
 28643 | D:15     | Found the +6 arbalest "Damnation" {damnation}
 28661 | D:15     | Reached skill level 1 in Throwing
 28795 | D:15     | Reached skill level 1 in Crossbows
 28822 | D:15     | Noticed Azrael
 28825 | D:15     | Killed Azrael
 29446 | D:15     | Reached skill level 1 in Long Blades
 29452 | D:15     | Found a staircase to the Depths.
 30170 | Lair:1   | Noticed Sonja
 30176 | Lair:1   | Killed Sonja
 30352 | Spider:1 | Entered Level 1 of the Spider Nest
 30355 | Spider:1 | Noticed an emperor scorpion
 30374 | Lair:2   | Mangled by a spark wasp

Illustrated notes

Levels and vault maps discovered:
D:1:      saegor_arrival_simple_e, layout_basic,
          shapermc_ecumenical_altar_notcrosses
D:2:      layout_basic, serial_shops, shop, basic_altar
D:3:      layout_basic, serial_shops, shop_scrolls, shop,
          nicolae_shop_competitors_out_of_business
D:4:      layout_loops_ring, kennysheep_pointless_box, kennysheep_boxes,
          uniq_sigmund
D:5:      layout_basic, mainiacjoe_overflow_small_starburst,
          mainiacjoe_overflow_alcove_1, serial_shops, nicolae_square_shop
D:6:      layout_loops_ring, amcnicky_altar_gilded, lightli_minifort,
          uniq_grinder, uniq_maggie, uniq_eustachio, uniq_menkaure
D:7:      layout_layer_cave, marbit_many_paths, nicolae_elyvilon_temple_path,
          zin_scriptorium, minmay_temple_entry_wispy, minmay_misc_feat_diagonals
D:8:      layout_basic, david_lair_shrubbed
D:9:      minmay_blocky_corners, layout_loops_ring,
          nicolae_wu_jian_wuxing_cycle, tgw_fedhas
D:10:     layout_loops_cross, lemuel_mausoleum_altar_kikubaaqudgha,
          xom_teletrap_fun
D:11:     layout_stronghold, orc_0_dummy
D:12:     layout_basic, minivault_8
D:13:     layout_rooms, david_vaults_5, ebering_ghost_gozag, serial_shops,
          nicolae_shop_statue_plus, uniq_erolcha, uniq_josephine
D:14:     layout_irregular_city, serial_glass, glass_columns_a, glass_columns_c,
          glass_columns_c, glass_columns_a, glass_columns_c, glass_columns_a,
          glass_columns_c, glass_columns_c, glass_columns_c, glass_columns_b,
          glass_columns_a, glass_columns_a, glass_columns_a, glass_columns_b,
          grunt_decor_one_mirror, uniq_rupert, uniq_kirke, uniq_nessos
D:15:     grunt_enter_depths_snipers, layout_long_grid, serial_glass,
          glass_columns_b, glass_columns_b, uniq_azrael
Temple:   minmay_temple_bridge_abc
Lair:1:   gammafunk_worm_tunnel, layout_cave_pods, grunt_megastairs_5,
          uniq_sonja
Lair:2:   layout_regular_city, nicolae_spider_entry_tight_spaces, serial_rivers,
          chequers_serial_rivers_micro_e, chequers_serial_rivers_room_b,
          chequers_serial_rivers_large_a, chequers_serial_rivers_micro_c,
          chequers_serial_rivers_micro_c, grunt_megastairs_3, uniq_gastronok
Lair:3:   layout_layer_cave, minmay_hedge_maze, infiniplex_staircase_pool_2,
          serial_bayou_shore_b
Lair:4:   mu_elephants_graveyard, layout_misc_corridors,
          elwin_shoals_entry_rocks, serial_bayou_shore_a
Lair:5:   layout_concentric_octagons, basic_altar, pf_torpor_hydra,
          lemuel_fruit_fields
Lair:6:   gammafunk_lair_ancient_temple, layout_regular_city,
          minmay_slime_entry_oklob_enclosed
Spider:1: nicolae_spider_hilbert_zone_3 [nicolae_spider_hilbert_4_sides_2_open,
          nicolae_spider_hilbert_3_sides_1_open,
          nicolae_spider_hilbert_3_sides_1_open,
          nicolae_spider_hilbert_3_sides_1_open,
          nicolae_spider_hilbert_3_sides_1_open,
          nicolae_spider_hilbert_4_sides_1_open,
          nicolae_spider_hilbert_4_sides_1_open,
          nicolae_spider_hilbert_4_sides_1_open,
          nicolae_spider_hilbert_4_sides_1_open,
          nicolae_spider_hilbert_4_sides_1_open,
          nicolae_spider_hilbert_4_sides_1_open,
          nicolae_spider_hilbert_4_sides_1_open,
          nicolae_spider_hilbert_4_sides_1_open,
          nicolae_spider_hilbert_3_sides_1_open,
          nicolae_spider_hilbert_3_sides_1_open,
          nicolae_spider_hilbert_3_sides_1_open,
          nicolae_spider_hilbert_3_sides_1_open], hellmonk_narrow_tunnel
Orc:1:    layout_caves, serial_shops, shop, led_sif_book, uniq_fannar
Orc:2:    st_orc_open, layout_diamond_mine, special_room, uniq_donald

Skill      XL: |  1  2  3  4  5  6  7  8  9 10 11 12 13 14 15 16 |
---------------+-------------------------------------------------+-----
Evocations     | 4 5 |  5.0
Short Blades   | 2 4 5 7 |  7.6
Fighting       | 5 7 10 11 12 13 14 15 | 15.2
Armour         | 5 8 10 11 12 13 14 15 | 15.3
Shields        | 8 12 14 | 14.7
Invocations    | 7 14 15 | 15.9
Throwing       | 1 |  1.1
Crossbows      | 4 |  4.7
Long Blades    | 3 |  3.9
Dodging        | |  0.8
Stealth        | |  1.2

Action                   |  1- 3 |  4- 6 |  7- 9 | 10-12 | 13-15 | 16-18 || total
-------------------------+-------+-------+-------+-------+-------+-------++-------
Melee: Club              |    16 |       |       |       |       |       ||    16
       Short sword       |    24 |    52 |   179 |   318 |   766 |    97 ||  1436
       Mace              |    16 |       |       |       |       |       ||    16
       Punch             |       |       |     4 |     2 |       |       ||     6
       Scimitar          |       |       |       |       |       |    45 ||    45
 Fire: Arbalest          |       |       |       |       |       |    20 ||    20
Throw: Dart              |       |       |       |    83 |    98 |       ||   181
       Throwing net      |       |       |       |       |     1 |       ||     1
Invok: Recall Ancestor   |       |       |       |     3 |     3 |     4 ||    10
       Ancestor Life: Ba |       |       |       |     1 |       |       ||     1
       Ancestor Identity |       |       |       |     1 |       |       ||     1
       Idealise          |       |       |       |       |    10 |     4 ||    14
 Abil: Shaft Self        |       |       |       |     1 |       |       ||     1
       Dig               |       |       |       |       |     1 |       ||     1
Evoke: Wand              |    18 |     1 |     1 |    25 |    15 |     8 ||    68
  Use: Potion            |     1 |     1 |     1 |       |     5 |     4 ||    12
       Scroll            |       |     8 |    10 |     3 |     8 |       ||    29
 Stab: Distracted        |       |       |       |     5 |    16 |     4 ||    25
       Petrified         |       |       |       |       |     5 |       ||     5
       Paralysed         |       |       |       |       |     1 |       ||     1
Armor: Leather armour    |     7 |       |       |       |       |       ||     7
       Scale mail        |    18 |     4 |       |       |       |       ||    22
       Chain mail        |       |    18 |    48 |       |       |       ||    66
       Plate armour      |       |       |    27 |   202 |   461 |   104 ||   794
Dodge: Dodged            |    25 |    20 |    69 |   150 |   357 |    71 ||   692
Block: Kite shield       |       |       |       |   144 |   619 |   146 ||   909
       Reflection        |       |       |       |       |     1 |    15 ||    16

Table legend: (Time is in decaauts)
 A = Elapsed time spent in this place.
 B = Non-inter-level travel time spent in this place.
 C = Inter-level travel time spent in this place.
 D = Time resting spent in this place.
 E = Time spent auto-exploring this place.
 F = Levels seen in this place.
 G = Mean time per level.
                   A        B        C        D        E       F      G
               +--------+--------+--------+--------+--------+-----+--------+
         Total |  30238 |  28612 |   1626 |   6658 |  15980 |  25 | 1209.5 |
       Dungeon |  19058 |  17836 |   1222 |   4208 |  10274 |  15 | 1270.5 |
        Temple |    238 |    217 |     21 |      0 |    174 |   1 |  238.0 |
          Lair |   8893 |   8599 |    294 |   1716 |   4798 |   6 | 1482.2 |
   Spider Nest |      8 |      8 |      0 |      0 |      0 |   1 |    8.0 |
  Orcish Mines |   2039 |   1952 |     87 |    734 |    734 |   2 | 1019.5 |
               +--------+--------+--------+--------+--------+-----+--------+

Top non-repeatable levels by time:
  Lair:6: 2321 daAuts
  Lair:4: 1847 daAuts
     D:8: 1673 daAuts
     D:2: 1641 daAuts
     D:7: 1637 daAuts
     D:4: 1561 daAuts
    D:10: 1532 daAuts
     D:6: 1530 daAuts
  Lair:2: 1526 daAuts
  Lair:3: 1379 daAuts
    D:12: 1362 daAuts
     D:9: 1286 daAuts
     D:3: 1281 daAuts
   Orc:1: 1180 daAuts
     D:1: 1140 daAuts
